 Dungeon Crawl Stone Soup version 0.20.1-1-g8b1a95d (webtiles) character file.

5583 Alphaeus the Cruncher (level 10, -4/61 HPs)
             Began as a Gargoyle Berserker on Sept 7, 2017.
             Was a High Priest of Trog.
             Slain by a blink frog (12 damage)
             ... on level 1 of the Lair of Beasts.
             The game lasted 00:43:15 (8257 turns).

Alphaeus the Cruncher (Gargoyle Berserker)          Turns: 8257, Time: 00:43:16

Health: -4/61      AC: 24    Str: 30    XL:     10   Next: 72%
Magic:  12/12      EV: 13    Int:  7    God:    Trog [*****.]
Gold:   649        SH:  0    Dex: 12    Spells: 9/9 levels left

rFire    . . .     SeeInvis .   b - +1 quarterstaff (protect)
rCold    . . .     Gourm    .   (shield currently unavailable)
rNeg     + + +     Faith    .   G - +2 ring mail {rN+}
rPois    ∞         Spirit   .   h - +0 helmet
rElec    +         Reflect  .   (no cloak)
rCorr    .         Harm     .   y - +0 pair of gloves
MR       ++...                  (no boots)
Stlth    +.........             C - amulet of magic regeneration
Regen    1.2/turn               R - +3 ring of dexterity
MPRegen  0.2/turn               g - ring of positive energy

@: mighty, protection aura, regenerating
A: negative energy resistance 1, electricity resistance, unbreathing,
petrification resistance, rot immunity, AC +7
a: Berserk, Trog's Hand, Brothers in Arms, Burn Spellbooks, Renounce Religion


You were on level 1 of the Lair of Beasts.
You worshipped Trog.
Trog was extremely pleased with you.
You were hungry.

You visited 2 branches of the dungeon, and saw 9 of its levels.
You also visited: Volcano.

You collected 649 gold pieces.

Inventory:

Hand Weapons
 b - a +1 quarterstaff of protection (weapon)
 w - a +1 trident of freezing
 x - a +1 war axe of chopping
 K - a +2 long sword
 L - a +3 morningstar
Missiles
 D - a throwing net (quivered)
 F - 14 javelins of returning
 H - 5 tomahawks of dispersal
Armour
 d - a +0 chain mail
 h - a +0 helmet (worn)
 y - a +0 pair of gloves (worn)
 G - a +2 ring mail of positive energy (worn)
 P - a +0 plate armour
Jewellery
 a - an uncursed ring of ice
 g - a ring of positive energy (right hand)
 i - an uncursed ring of protection from cold
 B - an uncursed ring of protection from cold
 C - an amulet of magic regeneration (around neck)
 R - a +3 ring of dexterity (left hand)
Wands
 v - a wand of paralysis (15/24)
 T - a wand of polymorph (8/24)
Scrolls
 e - 3 scrolls of teleportation
 f - 3 scrolls of remove curse
 j - 9 scrolls of identify {unknown}
 m - 4 scrolls of amnesia {unknown}
 n - 2 scrolls of noise {unknown}
 o - 3 scrolls of immolation {unknown}
 q - 2 scrolls of magic mapping {unknown}
 r - a scroll of random uselessness {unknown}
 s - 2 scrolls of blinking {unknown}
 u - 2 scrolls of silence {unknown}
 A - a scroll of fear {unknown}
 E - a scroll of enchant armour {unknown}
 J - 4 scrolls of recharging {unknown}
 O - a scroll of torment {unknown}
 S - a scroll of holy word {unknown}
Potions
 l - 3 potions of haste
 z - a potion of flight
 N - a potion of curing
Comestibles
 c - a bread ration
 k - 17 fruits
 p - a royal jelly
 t - 5 meat rations


   Skills:
 + Level 6.5 Fighting
 * Level 6.9(9.6) Maces & Flails
 - Level 2.0(6.3) Polearms
 * Level 10.3(11.2) Staves
 * Level 3.4 Throwing
 + Level 5.0 Armour
 + Level 3.9 Dodging
 - Level 1.0 Stealth
 * Level 2.7 Evocations


You had 9 spell levels left.
You didn't know any spells.

Dungeon Overview and Level Annotations

Branches:
Dungeon (8/15)             Temple (0/1) D:5            Lair (1/6) D:8

Altars:
Makhleb
Nemelex Xobeh
Qazlal
Ru
Zin


Innate Abilities, Weirdness & Mutations

You are resistant to torment.
Your stone body is resilient. (AC +7)
You are immune to poison.
You resist negative energy. (rN+)
You are resistant to electric shocks. (rElec)
You can survive without breathing.
You are immune to petrification.
You are immune to rotting.


Message History

You kill the spiny frog!
Trog accepts your kill.
The blink frog blinks!
The blink frog misses you.
The blink frog blinks!
You miss the blink frog.
The blink frog hits you but does no damage.
The blink frog hits you!
* * * LOW HITPOINT WARNING * * *
The blink frog blinks!
It was a potion of might.
You feel very mighty all of a sudden.
The blink frog blinks!
The blink frog hits you but does no damage.
The blink frog closely misses you. The blink frog hits you.
* * * LOW HITPOINT WARNING * * *
Your skin crawls.
You feel resistant to hostile enchantments.
You are feeling hungry.
The blink frog hits you but does no damage.
The blink frog closely misses you. The blink frog hits you!
You die...

.......
......§##
.....§.F##
.......§.##
.......... .
.........#
##..
..F......##
##....
#.F.F.##...#
###@#....#
####..## ###
##.# ##P##
#.## #...####
##.####.....P#
#..##.......#
#.##.........
#)...........
##...........


You could see 4 blink frogs.

Vanquished Creatures
  A hydra (Lair:1)
  A spiny frog (Lair:1)
  A komodo dragon (Lair:1)
  2 hippogriffs (D:8)
  2 yaks (D:8)
  Menkaure (D:6)
  2 porcupines (D:8)
  An ice beast (D:6)
  3 phantoms
  2 orc warriors (D:8)
  A hornet zombie (D:8)
  2 black bears
  2 ogres
  A crocodile (D:8)
  A centaur (D:6)
  A big kobold (D:7)
  8 bullfrogs
  3 scorpions
  A wyvern skeleton (D:7)
  The ghost of Halogen the Shield-Bearer, a weakling MiFi (D:3)
  9 killer bees
  4 wights (D:7)
  2 crimson imps
  A bullfrog zombie (D:6)
  2 quasits
  A jelly (D:7)
  3 orc priests
  Terence (D:3)
  4 orc wizards
  3 worker ants
  Robin (D:2)
  4 gnolls (D:7)
  8 adders
  3 shadow imps
  An ooze (D:1)
  2 adder skeletons
  2 worms
  9 dart slugs
  4 leopard geckos
  42 orcs
  6 giant cockroaches
  26 goblins
  11 hobgoblins
  3 jackals (D:6)
  4 quokkas
  A ball python (D:2)
  6 bats
  5 frilled lizards
  A jackal zombie (D:8)
  11 kobolds
  A leopard gecko skeleton (D:4)
  12 rats
230 creatures vanquished.

Vanquished Creatures (others)
  10 fungi (D:8)
  A plant (D:8)
11 creatures vanquished.

Grand Total: 241 creatures vanquished

Notes
Turn   | Place    | Note
-------+----------+-------------------------------------------
     0 | D:1      | Alphaeus the Gargoyle Berserker began the quest for the Orb.
     0 | D:1      | Reached XP level 1. HP: 14/14 MP: 1/1
    97 | D:1      | Reached XP level 2. HP: 19/19 MP: 2/2
   266 | D:1      | Reached XP level 3. HP: 16/23 MP: 3/3
   506 | D:1      | Reached ** piety under Trog
   970 | D:2      | Reached XP level 4. HP: 29/29 MP: 4/4
  1318 | D:2      | Noticed Robin
  1333 | D:2      | Killed Robin
  1730 | D:2      | Reached *** piety under Trog
  1756 | D:2      | Reached XP level 5. HP: 31/33 MP: 5/5
  2513 | D:3      | Noticed Terence
  2514 | D:3      | Noticed Halogen's ghost (weakling MiFi)
  2520 | D:3      | Killed Terence
  2520 | D:3      | Reached skill level 1 in Polearms
  2520 | D:3      | Reached XP level 6. HP: 36/38 MP: 6/6
  2524 | D:3      | Killed Halogen's ghost
  3116 | D:4      | Reached **** piety under Trog
  3252 | D:4      | Reached skill level 1 in Staves
  3378 | D:4      | Reached skill level 2 in Staves
  3560 | D:5      | Entered Level 5 of the Dungeon
  3563 | D:5      | Found a staircase to the Ecumenical Temple.
  3740 | D:5      | Reached skill level 3 in Staves
  3740 | D:5      | Reached XP level 7. HP: 37/44 MP: 7/7
  3977 | D:5      | Found a sacrificial altar of Ru.
  4434 | D:6      | Reached skill level 4 in Staves
  4696 | D:6      | Reached skill level 5 in Maces & Flails
  4829 | D:6      | Reached skill level 5 in Staves
  4829 | D:6      | Reached XP level 8. HP: 45/48 MP: 8/8
  5053 | D:7      | Noticed Menkaure
  5128 | D:6      | Killed Menkaure
  5128 | D:6      | Reached skill level 6 in Staves
  5380 | D:7      | Reached skill level 5 in Fighting
  5399 | D:7      | Reached skill level 1 in Throwing
  5722 | D:7      | Reached skill level 7 in Staves
  5722 | D:7      | Reached skill level 1 in Stealth
  5741 | D:7      | Reached XP level 9. HP: 49/54 MP: 9/9
  5838 | D:7      | Reached ***** piety under Trog
  6060 | D:7      | Received a gift from Trog
  6064 | D:7      | Reached skill level 8 in Staves
  6403 | D:8      | Reached skill level 1 in Evocations
  6412 | D:8      | Reached skill level 9 in Staves
  6414 | D:8      | Found a staircase to the Lair.
  6467 | D:8      | Reached XP level 10. HP: 60/60 MP: 11/11
  6925 | D:8      | Found a burning altar of Makhleb.
  6926 | D:8      | Found a glowing silver altar of Zin.
  6928 | D:8      | Found a sparkling altar of Nemelex Xobeh.
  6928 | D:8      | Found a stormy altar of Qazlal.
  7596 | Lair:1   | Entered Level 1 of the Lair of Beasts
  7703 | Lair:1   | Noticed a four-headed hydra
  7716 | Lair:1   | Killed a four-headed hydra
  7716 | Lair:1   | Reached skill level 10 in Staves
  7829 | Lair:1   | Reached skill level 5 in Armour
  8138 | Lair:1   | Found a dark tunnel.
  8169 | Volcano  | Entered a volcano
  8234 | Lair:1   | Noticed a spiny frog
  8254 | Lair:1   | Killed a spiny frog
  8257 | Lair:1   | Slain by a blink frog

Skill      XL: |  1  2  3  4  5  6  7  8  9 10 |
---------------+-------------------------------+-----
Dodging        | 2 3 |  3.9
Maces & Flails | 4 5 6 |  6.9
Armour         | 3 4 5 |  5.0
Fighting       | 4 5 6 |  6.5
Polearms       | 1 2 |  2.0
Staves         | 3 5 7 9 10 | 10.3
Throwing       | 1 2 3 |  3.4
Stealth        | 1 |  1.0
Evocations     | 1 2 |  2.7

Action                   |  1- 3 |  4- 6 |  7- 9 | 10-12 || total
-------------------------+-------+-------+-------+-------++-------
Melee: Mace              |   108 |   121 |       |       ||   229
       Trident           |       |    73 |       |       ||    73
       Quarterstaff      |       |    86 |   421 |   159 ||   666
Invok: Berserk           |     1 |     3 |     1 |     2 ||     7
       Trog's Hand       |       |       |       |     1 ||     1
  Use: Scroll            |       |     2 |       |     2 ||     4
       Potion            |       |     2 |     2 |     3 ||     7
  Eat: Chunk             |     1 |     7 |     3 |     1 ||    12
       Fruit             |       |     1 |       |       ||     1
       Bread ration      |       |     1 |     2 |     1 ||     4
Armor: Chain mail        |    86 |   168 |    87 |       ||   341
       Ring mail         |       |       |   187 |   103 ||   290
Dodge: Dodged            |    65 |   117 |   243 |    91 ||   516
